MLB
MILWAUKEE BREWERS @ BOSTON RED SOX
05/13/2042
 
TOP OF THE 1ST
Milwaukee Brewers batting - Pitching for Boston Red Sox : RHP Jimmy Sharp
Pitching: RHP Jimmy Sharp
Batting: SHB José Hernández 0-0: SINGLE (Line Drive, 56D, EV 70.6 MPH)
Batting: LHB Dave Lynch 0-0: Ball
1-0: Called Strike
José Hernández steals 2nd base (no throw)
1-1: Ground out 4-3 (Groundball, 4, EV 78.8 MPH)
José Hernández to third
Batting: RHB Pepe Franco 0-0: Called Strike
0-1: Called Strike
0-2: Foul Ball, location: 23F
0-2: Ball
1-2: Ball
2-2: Fly out, F6 (Popup, 6, EV 70.0 MPH)
Batting: LHB Jesús Garza 0-0: Ball
1-0: Ball
2-0: Swinging Strike
2-1: Ground out 4-3 (Groundball, 4, EV 101.3 MPH)
Top of the 1st over - 0 runs, 1 hit, 0 errors, 1 left on base; Milwaukee 0 - Boston 0
BOTTOM OF THE 1ST
Boston Red Sox batting - Pitching for Milwaukee Brewers : RHP Alfredo Hernández
Pitching: RHP Alfredo Hernández
Batting: LHB Erwin Broomhead 0-0: SINGLE (Groundball, 56D, EV 101.9 MPH)
Batting: RHB Juan Ávila 0-0: Called Strike
Erwin Broomhead steals 2nd base (no throw)
0-1: Fly out, F4 (Popup, 34, EV 55.6 MPH)
Batting: RHB António Negrón 0-0: Foul Ball, location: 2F
0-1: Called Strike
0-2: Ball
1-2: Fly out, F8 (Line Drive, 8RM, EV 108.8 MPH)
Batting: LHB Abel Scott 0-0: Foul Ball, location: 5F
0-1: Ball
1-1: Ball
2-1: Ball
3-1: Ground out 4-3 (Groundball, 34D, EV 87.5 MPH)
Bottom of the 1st over - 0 runs, 1 hit, 0 errors, 1 left on base; Milwaukee 0 - Boston 0
TOP OF THE 2ND
Milwaukee Brewers batting - Pitching for Boston Red Sox : RHP Jimmy Sharp
Batting: LHB Jake Allen 0-0: Ball
1-0: Called Strike
1-1: Swinging Strike
1-2: Foul Ball, location: 5F
1-2: Ball
2-2: Strikes out swinging
Batting: RHB Tony Hoover 0-0: Swinging Strike
0-1: Ball
1-1: Ball
2-1: Ground out 5-3 (Groundball, 56, EV 98.1 MPH)
Batting: LHB Jorge Ramírez 0-0: Called Strike
0-1: Foul Ball, location: 2F
0-2: Ball
1-2: Ground out U3 (Groundball, 3, EV 108.8 MPH)
Top of the 2nd over - 0 runs, 0 hits, 0 errors, 0 left on base; Milwaukee 0 - Boston 0
BOTTOM OF THE 2ND
Boston Red Sox batting - Pitching for Milwaukee Brewers : RHP Alfredo Hernández
Batting: LHB Derek Orby 0-0: Swinging Strike
0-1: Swinging Strike
0-2: Ball
1-2: Ball
2-2: Ball
3-2: Foul Ball, location: 2F
3-2: Base on Balls
Batting: RHB Raúl Van Eaton 0-0: Ball
1-0: Ball
2-0: Bunted foul
2-1: Bunted foul
2-2: Ball
3-2: DOUBLE (Flyball, 78D, EV 108.1 MPH)
Derek Orby to third
Batting: RHB Juan Serrato 0-0: Swinging Strike
0-1: 3-RUN HOME RUN (Flyball, 7D, EV 100.0 MPH), Distance : 398 ft
Batting: SHB Víctor Martínez 0-0: Fly out, F8 (Line Drive, 8LD, EV 95.0 MPH)
Batting: RHB Eric Taylor 0-0: Ball
1-0: Foul Ball, location: 2LF
1-1: DOUBLE (Line Drive, 89M, EV 107.5 MPH)
Batting: LHB Erwin Broomhead 0-0: Called Strike
0-1: Called Strike
0-2: Ball
1-2: Ball
Wild Pitch!
Eric Taylor to third
2-2: Ground out 4-3 (Groundball, 4, EV 101.3 MPH)
Eric Taylor scores
Batting: RHB Juan Ávila 0-0: Called Strike
0-1: Fly out, F9 (Flyball, 89S, EV 91.9 MPH)
Bottom of the 2nd over - 4 runs, 3 hits, 0 errors, 0 left on base; Milwaukee 0 - Boston 4
TOP OF THE 3RD
Milwaukee Brewers batting - Pitching for Boston Red Sox : RHP Jimmy Sharp
Batting: RHB José Cruz 0-0: Foul Ball, location: 9LDF
0-1: Ball
1-1: Foul Ball, location: 2F
1-2: Foul Ball, location: 2F
1-2: Strikes out swinging, 2-3 out at first.
Batting: SHB Jim Henderson Jr. 0-0: Called Strike
0-1: Called Strike
0-2: Strikes out swinging
Batting: SHB José Hernández 0-0: SINGLE (Line Drive, 6D, EV 95.0 MPH)
Batting: LHB Dave Lynch 0-0: Ball
Wild Pitch!
José Hernández to second
1-0: Ball
2-0: Foul Ball, location: 5FF
2-1: Foul Ball, location: 2F
2-2: Ground out 4-3 (Groundball, 4, EV 79.4 MPH)
Top of the 3rd over - 0 runs, 1 hit, 0 errors, 1 left on base; Milwaukee 0 - Boston 4
BOTTOM OF THE 3RD
Boston Red Sox batting - Pitching for Milwaukee Brewers : RHP Alfredo Hernández
Batting: RHB António Negrón 0-0: Ball
1-0: Ground out 6-3 (Groundball, 6, EV 83.1 MPH)
Batting: LHB Abel Scott 0-0: Swinging Strike
0-1: Foul Ball, location: 7LMF
0-2: Ball
1-2: Ball
2-2: Ball
3-2: Foul Ball, location: 2LF
3-2: Foul Ball, location: 9LMF
3-2: Foul Ball, location: 25F
3-2: Foul Ball, location: 5F
3-2: Strikes out looking
Batting: LHB Derek Orby 0-0: Called Strike
0-1: Ball
1-1: Fly out, F7 (Flyball, 7LMF, EV 101.9 MPH)
Bottom of the 3rd over - 0 runs, 0 hits, 0 errors, 0 left on base; Milwaukee 0 - Boston 4
TOP OF THE 4TH
Milwaukee Brewers batting - Pitching for Boston Red Sox : RHP Jimmy Sharp
Batting: RHB Pepe Franco 0-0: Ball
1-0: Ball
2-0: Called Strike
2-1: Swinging Strike
2-2: Foul Ball, location: 9LMF
2-2: Strikes out looking
Batting: LHB Jesús Garza 0-0: Swinging Strike
0-1: Called Strike
0-2: Ball
1-2: Ball
2-2: Foul Ball, location: 7LDF
2-2: Ball
3-2: Strikes out swinging
Batting: LHB Jake Allen 0-0: Called Strike
0-1: Called Strike
0-2: Strikes out swinging
Top of the 4th over - 0 runs, 0 hits, 0 errors, 0 left on base; Milwaukee 0 - Boston 4
BOTTOM OF THE 4TH
Boston Red Sox batting - Pitching for Milwaukee Brewers : RHP Alfredo Hernández
Batting: RHB Raúl Van Eaton 0-0: Ground out 5-3 (Groundball, 56S, EV 80.0 MPH)
Batting: RHB Juan Serrato 0-0: Ball
1-0: Ground out U3 (Groundball, 34S, EV 71.9 MPH)
Batting: SHB Víctor Martínez 0-0: Called Strike
0-1: Foul Ball, location: 7LDF
0-2: Foul Ball, location: 3SF
0-2: SINGLE (Flyball, 3D, EV 92.5 MPH)
Batting: RHB Eric Taylor 0-0: Ground out 1-3 (Groundball, 34S, EV 63.1 MPH)
Bottom of the 4th over - 0 runs, 1 hit, 0 errors, 1 left on base; Milwaukee 0 - Boston 4
TOP OF THE 5TH
Milwaukee Brewers batting - Pitching for Boston Red Sox : RHP Jimmy Sharp
Batting: RHB Tony Hoover 0-0: Ball
1-0: Ball
2-0: Called Strike
2-1: Called Strike
2-2: Foul Ball, location: 2F
2-2: Ball
3-2: Fly out, F7 (Flyball, 7D, EV 105.0 MPH)
Batting: LHB Jorge Ramírez 0-0: Ball
1-0: Foul Ball, location: 9LSFF
1-1: Called Strike
1-2: Fly out, F3 (Popup, 3, EV 75.6 MPH)
Batting: RHB José Cruz 0-0: Called Strike
0-1: Ball
1-1: Foul Ball, location: 9LDF
1-2: Foul Ball, location: 2F
1-2: Ball
2-2: Fly out, F9 (Flyball, 89M, EV 92.5 MPH)
Top of the 5th over - 0 runs, 0 hits, 0 errors, 0 left on base; Milwaukee 0 - Boston 4
BOTTOM OF THE 5TH
Boston Red Sox batting - Pitching for Milwaukee Brewers : RHP Alfredo Hernández
Batting: LHB Erwin Broomhead 0-0: Foul Ball, location: 2F
0-1: Ball
1-1: Called Strike
1-2: Strikes out looking
Batting: RHB Juan Ávila 0-0: Called Strike
0-1: Ball
1-1: SOLO HOME RUN (Flyball, 7D, EV 100.0 MPH), Distance : 374 ft
Pitching: RHP Tomás Palácios
Batting: RHB António Negrón 0-0: Foul Ball, location: 2F
0-1: Foul Ball, location: 5F
0-2: Ball
1-2: Ball
2-2: SINGLE (Line Drive, 8LS, EV 93.1 MPH)
Batting: LHB Abel Scott 0-0: Foul Ball, location: 3F
0-1: Foul Ball, location: 7LSF
0-2: Grounds into double play, 4-6-3 (Groundball, 4, EV 81.9 MPH)
Bottom of the 5th over - 1 run, 2 hits, 0 errors, 0 left on base; Milwaukee 0 - Boston 5
TOP OF THE 6TH
Milwaukee Brewers batting - Pitching for Boston Red Sox : RHP Jimmy Sharp
Batting: SHB Jim Henderson Jr. 0-0: Ball
1-0: Ball
2-0: Foul Ball, location: 5FF
2-1: Ball
3-1: Swinging Strike
3-2: Strikes out looking
Batting: SHB José Hernández 0-0: Called Strike
0-1: Ball
1-1: Called Strike
1-2: Strikes out looking
Batting: LHB Dave Lynch 0-0: Called Strike
0-1: Fly out, F7 (Flyball, 7LS, EV 89.4 MPH)
Top of the 6th over - 0 runs, 0 hits, 0 errors, 0 left on base; Milwaukee 0 - Boston 5
BOTTOM OF THE 6TH
Boston Red Sox batting - Pitching for Milwaukee Brewers : RHP Tomás Palácios
Batting: LHB Derek Orby 0-0: Swinging Strike
0-1: Ball
1-1: Called Strike
1-2: Fly out, F4 (Popup, 23, EV 86.3 MPH)
Batting: RHB Raúl Van Eaton 0-0: Called Strike
0-1: Ball
1-1: SINGLE (Line Drive, 34, EV 102.5 MPH)
Batting: RHB Juan Serrato 0-0: Ball
Raúl Van Eaton steals 2nd base
1-0: Ball
2-0: Swinging Strike
2-1: Swinging Strike
2-2: Foul Ball, location: 3F
2-2: Foul Ball, location: 25FF
2-2: Foul Ball, location: 3FF
2-2: 2-RUN HOME RUN (Flyball, 9D, EV 101.3 MPH), Distance : 397 ft
Batting: SHB Víctor Martínez 0-0: Ground out 4-3 (Groundball, 4, EV 78.8 MPH)
Batting: RHB Eric Taylor 0-0: Ball
1-0: Ball
2-0: Ball
3-0: Base on Balls
Batting: LHB Erwin Broomhead 0-0: Ball
1-0: Ground out 4-3 (Groundball, 4, EV 90.6 MPH)
Bottom of the 6th over - 2 runs, 2 hits, 0 errors, 1 left on base; Milwaukee 0 - Boston 7
TOP OF THE 7TH
Milwaukee Brewers batting - Pitching for Boston Red Sox : RHP Jimmy Sharp
Batting: RHB Pepe Franco 0-0: Called Strike
0-1: Fly out, F8 (Line Drive, 8LM, EV 86.9 MPH)
Batting: LHB Jesús Garza 0-0: Called Strike
0-1: DOUBLE (Flyball, 89XD, EV 105.0 MPH)
Batting: LHB Jake Allen 0-0: Called Strike
0-1: Ground out U3 (Groundball, 3, EV 86.9 MPH)
Jesús Garza to third
Batting: RHB Tony Hoover 0-0: Swinging Strike
0-1: SINGLE (Groundball, 6MD, EV 95.0 MPH)
Jesús Garza scores
Batting: LHB Jorge Ramírez 0-0: Ball
1-0: Ball
2-0: Ball
3-0: Base on Balls
Tony Hoover to second
Pitching: RHP Raúl Chávez
Batting: RHB José Cruz 0-0: Foul Ball, location: 9LSF
0-1: DOUBLE (Flyball, 9LD, EV 105.6 MPH)
Tony Hoover scores
Jorge Ramírez to third
Batting: SHB Jim Henderson Jr. 0-0: Foul Ball, location: 2F
0-1: Ball
1-1: Fly out, F8 (Flyball, 8LD, EV 89.4 MPH)
Top of the 7th over - 2 runs, 3 hits, 0 errors, 2 left on base; Milwaukee 2 - Boston 7
BOTTOM OF THE 7TH
Boston Red Sox batting - Pitching for Milwaukee Brewers : RHP Tomás Palácios
Batting: RHB Juan Ávila 0-0: Foul Ball, location: 2F
0-1: Foul Ball, location: 5F
0-2: Ball
1-2: Ground out 6-3 (Groundball, 6, EV 85.6 MPH)
Batting: RHB António Negrón 0-0: Ball
1-0: Ball
2-0: Foul Ball, location: 2F
2-1: Ball
3-1: Ground out U3 (Groundball, 34S, EV 84.4 MPH)
Batting: LHB Abel Scott 0-0: Called Strike
0-1: Foul Ball, location: 2F
0-2: Ball
1-2: Ground out 4-3 (Groundball, 4D, EV 101.9 MPH)
Bottom of the 7th over - 0 runs, 0 hits, 0 errors, 0 left on base; Milwaukee 2 - Boston 7
TOP OF THE 8TH
Milwaukee Brewers batting - Pitching for Boston Red Sox : RHP Raúl Chávez
Batting: SHB José Hernández 0-0: Ball
1-0: Ball
2-0: Foul Ball, location: 7LSF
2-1: Ball
3-1: Swinging Strike
3-2: Strikes out swinging
Batting: LHB Dave Lynch 0-0: DOUBLE (Line Drive, 78M, EV 110.6 MPH)
Batting: RHB Pepe Franco 0-0: Ground out 5-3 (Groundball, 5, EV 86.3 MPH)
Batting: LHB Jesús Garza 0-0: Foul Ball, location: 2F
0-1: Swinging Strike
0-2: Fly out, F8 (Flyball, 89S, EV 90.0 MPH)
Top of the 8th over - 0 runs, 1 hit, 0 errors, 1 left on base; Milwaukee 2 - Boston 7
BOTTOM OF THE 8TH
Boston Red Sox batting - Pitching for Milwaukee Brewers : RHP Tomás Palácios
Batting: LHB Derek Orby 0-0: Ball
1-0: SINGLE (Groundball, 6S, EV 70.6 MPH) (infield hit)
Batting: RHB Raúl Van Eaton 0-0: Ball
1-0: Foul Ball, location: 2F
1-1: Ball
2-1: Foul Ball, location: 5F
2-2: Ball
3-2: Strikes out looking
Batting: RHB Juan Serrato 0-0: Foul Ball, location: 23FF
0-1: Called Strike
0-2: Hit by Pitch
Derek Orby to second
Batting: SHB Víctor Martínez 0-0: Swinging Strike
0-1: SINGLE (Groundball, 34D, EV 85.6 MPH) (infield hit)
Derek Orby to third
Juan Serrato to second
Batting: RHB Eric Taylor 0-0: Fly out, F7 (Line Drive, 7, EV 108.1 MPH)
Runner from 3rd tags up, OUT at HOME! 7-2
Bottom of the 8th over - 0 runs, 2 hits, 0 errors, 2 left on base; Milwaukee 2 - Boston 7
TOP OF THE 9TH
Milwaukee Brewers batting - Pitching for Boston Red Sox : RHP Raúl Chávez
Batting: LHB Jake Allen 0-0: Foul Ball, location: 7LDF
0-1: Swinging Strike
0-2: Ball
1-2: Strikes out swinging
Batting: RHB Tony Hoover 0-0: Called Strike
0-1: Ball
1-1: Foul Ball, location: 23FF
1-2: Strikes out swinging
Batting: LHB Jorge Ramírez 0-0: Called Strike
0-1: Swinging Strike
0-2: Strikes out looking
Top of the 9th over - 0 runs, 0 hits, 0 errors, 0 left on base; Milwaukee 2 - Boston 7
Wednesday, May 1st , 2024 - OOTP Baseball 24.10 Build 82